cohdb
Replays
Latest Replays
All Replays
Popular Replays
Top Player Replays
Match Explorer
How It Works
Community
CoH3 Stats
Reddit
Sign in to upload your games and track your stats! →
Sign in with Steam
Match 31319882
Unlisted
Match 31319882
Overview
Messages
Build Orders
End
Selects Breakthrough Battlegroup
Selects Assault Grenadiers
Construct Infanterie Kompanie
Kettenkrad Recon Vehicle
Grenadier Squad
Grenadier Squad
Medical Station
Pioneer Squad
GrW 34 Mortar Team
Selects 2.5-tonne Cargo Truck
AI Takeover
williamknight25
A TRUE BLUE WICKIE
LunasyG
V3ctor
Spacemen500
Augustino_hb
Swedge
gUi
0
0
Comments
sign in to comment!
No comments posted yet!